 Dungeon Crawl Stone Soup version 0.27.0-1-g7a089689b8 (webtiles) character file.

Game seed: 14912677864875881659

58 SnakkuSnakku7 the Skirmisher (level 4, -1/48 HPs)
             Began as an Ogre Delver on Aug 6, 2021.
             Slain by Robin (2 damage)
             ... on level 2 of the Dungeon.
             The game lasted 00:06:33 (2540 turns).

SnakkuSnakku7 the Skirmisher (Ogre Delver)          Turns: 2540, Time: 00:06:34

Health: -1/48      AC:  3    Str: 14 (17) XL:     4   Next: 1%
Magic:  4/4        EV:  9    Int: 10 (11) God:
Gold:   32         SH:  0    Dex:  7 (10) Spells: 3/3 levels left

rFire    . . .     SeeInvis .   a - +0 mace
rCold    . . .     Faith    .   (no shield)
rNeg     . . .     Spirit   .   b - +0 robe
rPois    .         Reflect  .   (helmet restricted)
rElec    .         Harm     .   (no cloak)
rCorr    .         Rampage  .   (gloves unavailable)
Will     .....                  (boots unavailable)
Stlth    ++........             (no amulet)
HPRegen  0.16/turn              (no ring)
MPRegen  0.09/turn              (no ring)

@: hasted, very quick
A: large, unfitting armour, tough skin 1
a: no special abilities


You were on level 2 of the Dungeon.
You visited 1 branch of the dungeon, and saw 5 of its levels.

You collected 32 gold pieces.

Inventory:

Hand Weapons
 a - a +0 mace (weapon)
Missiles
 d - 4 boomerangs (quivered)
 i - 9 poisoned darts
Armour
 b - a +0 robe (worn)
Jewellery
 m - an amulet of magic regeneration
Wands
 g - a wand of digging (1)
Scrolls
 c - a scroll of fog
 e - a scroll of vulnerability {unknown}
 h - 2 scrolls of noise {unknown}
 j - a scroll of identify {unknown}
 k - a scroll of immolation {unknown}


   Skills:
 - Level 4.0 Fighting
 + Level 3.8 Maces & Flails
 - Level 1.7 Dodging
 - Level 3.7 Stealth


You had 3 spell levels left.
You didn't know any spells.
Your spell library contained the following spells:

 Spells                   Type           Power      Damage    Failure   Level
 Sandblast                Erth           0%         2d4       36%         1
 Passwall                 Tmut/Erth      0%         N/A       50%         2
 Static Discharge         Conj/Air       0%         N/A       50%         2
 Dazzling Flash           Conj/Hex       0%         N/A       75%         3
 Summon Lightning Spire   Summ/Air       0%         N/A       98%         4
 Agony                    Necr           0%         N/A       100%        5
 Lee's Rapid Deconstruct  Erth           0%         3d5*      100%        5
 Lightning Bolt           Conj/Air       0%         1d11      100%        5
 Silence                  Hex/Air        0%         N/A       100%        5
 Storm Form               Tmut/Air       0%         N/A       100%        7
 Maxwell's Capacitive Co  Air            0%         ∞         100%        8


Dungeon Overview and Level Annotations

Branches:
Dungeon (5/15)
 Temple: D:4-7

Altars:
Fedhas

Annotations:
D:1 Terence
D:2 Robin
D:4 exclusion: adder, Menkaure


Innate Abilities, Weirdness & Mutations

You are too large for most types of armour.
You have tough skin. (AC +1)


Message History

Press: ? - help, Shift-Dir - straight line A rock wall.
The rock shatters into small pieces.
Robin roars a battlecry!
Aiming: Dig
Press: ? - help, Shift-Dir - straight line A rock wall.
The rock shatters into small pieces.
Robin says, "A pitiful Ogre like you will never find the ORB!"
Unknown command.
You start resting.
Robin is nearby!
You hit Robin but do no damage.
Robin drinks a potion.
Robin suddenly seems more resistant.
You barely miss Robin. Robin closely misses you. Robin hits you with a +0 mace.
You are too injured to fight recklessly!
You are too injured to fight recklessly!
You are too injured to fight recklessly!
You are too injured to fight recklessly!
You barely miss Robin. Robin hits you with a +0 mace.
You hit Robin but do no damage. Robin hits you with a +0 mace!
* * * LOW HITPOINT WARNING * * *
You completely miss Robin.
Robin roars a battlecry!
You hear a shout! x3
You closely miss Robin. Robin closely misses you.
You feel yourself speed up. Robin barely misses you.
You hit Robin.
Robin is lightly wounded.
Robin hits you with a +0 mace!
* * * LOW HITPOINT WARNING * * *
You hit Robin.
Robin is heavily wounded.
Robin hits you with a +0 mace.
* * * LOW HITPOINT WARNING * * *
It was a potion of degeneration.
There was something very wrong with that liquid.
You feel weakened.
You feel dopey.
You feel clumsy. Robin hits you with a +0 mace.
You die...

## #.# #.# ## #.# #.#
#.# #.# #.# #.# #.###.#
#@#.# ##g#
######.##############
#.....####....$.....##
#.....###............##
#.....##......g†<.....#
#.....##...............
#..g..##..............#
#.....##..............#


You could see Robin (resistant).

Vanquished Creatures
  2 adders
  A worm (D:2)
  A dart slug (D:1)
  3 ball pythons
  5 bats (D:1)
  2 endoplasms
  A giant cockroach (D:1)
  4 goblins
  4 hobgoblins
  A jackal (D:2)
  A quokka (D:2)
  3 frilled lizards
  5 kobolds
  A rat (D:1)
34 creatures vanquished.

Notes
Turn   | Place    | Note
-------+----------+-------------------------------------------
     0 | D:5      | SnakkuSnakku7 the Ogre Delver began the quest for the Orb.
     0 | D:5      | Reached XP level 1. HP: 24/24 MP: 1/1
     7 | D:4      | Noticed Menkaure
   163 | D:4      | Noticed a hound
   217 | D:3      | Found a blossoming altar of Fedhas.
   453 | D:1      | Reached XP level 2. HP: 7/32 MP: 2/2
  1125 | D:1      | Reached XP level 3. HP: 39/39 MP: 3/3
  2293 | D:2      | Noticed Terence
  2461 | D:2      | Reached XP level 4. HP: 19/48 MP: 4/4
  2489 | D:2      | Noticed Robin
  2539 | D:2      | HP: 1/48 [Robin (5)]
  2540 | D:2      | Slain by Robin

Illustrated notes

Levels and vault maps discovered:
D:1:      shiori_shiawase, layout_basic, bh_walls_and_bars
D:2:      kennysheep_six_static_rooms, layout_rooms, chequers_decorated_corner,
          minmay_split_cup_large, uniq_terence, uniq_robin
D:3:      layout_rooms, grunt_temple_overflow_forces_of_nature
D:4:      minmay_general_purpose_star, layout_gridville,
          minmay_hollow_rounded_squares, uniq_sigmund, uniq_natasha,
          uniq_menkaure
D:5:      layout_basic, nrook_uturn, nicolae_elemental_shop

Skill      XL: |  1  2 |
---------------+-------+-----
Maces & Flails | 2 3 |  3.8
Fighting       | |  4.0
Dodging        | |  1.7
Stealth        | |  3.7

Action                   |  1- 3 |  4- 6 || total
-------------------------+-------+-------++-------
Melee: Mace              |   105 |    10 ||   115
Throw: Dart              |     1 |       ||     1
Evoke: Wand              |       |     2 ||     2
  Use: Scroll            |     2 |       ||     2
       Potion            |       |     2 ||     2
 Stab: Sleeping          |     5 |       ||     5
Armor: Robe              |    36 |       ||    36
Dodge: Dodged            |    52 |     3 ||    55
